[Event "Chhattisgarh Masters GM 2022"]
[Site "Chhattisgarh"]
[Date "2022.09.19"]
[Round "1.8"]
[White "Pawar, Harshit"]
[Black "Harshavardhan G B"]
[Result "0-1"]
[ECO "B23"]
[WhiteElo "2111"]
[BlackElo "2429"]
[Annotator "TA"]
[PlyCount "72"]
[EventDate "2022.09.19"]
[EventCountry "IND"]
[SourceTitle "playchess.com"]
[Source "ChessBase"]
[SourceQuality "1"]
[TimeControl "5400+30"]

1. e4 c5 2. Nc3 Nc6 3. Bb5 Nd4 4. Bc4 a6 5. a4 e6 {[%emt 0:00:35] CPLX 2.0} 6. Nge2 {[%emt 0:00:22] CPLX 2.0. B23: Closed Sicilian: Lines without g3.} Nf6 {[%emt 0:00:33] CPLX 2.2} 7. O-O {[%emt 0:00:33] BESTDEEP} d5 {[%emt 0:00:36] EASY} 8. exd5 {[%emt 0:00:03] CPLX 2.9. The position is equal.} exd5 {[%emt 0:00:05] RECAPT} 9. Ba2 {[%emt 0:00:11] BESTDEEP} (9. Nxd4 cxd4 10. Nxd5 Nxd5 $15) 9... Ne6 {[%emt 0:00:12] BESTDEEP 9...Nxe2+ gains popularity.} 10. d4 {[%emt 0:05:49] CPLX 2.0 23 (d2-d3) (=5)} c4 {[%emt 0:05:54] CPLX 2.1} 11. Nf4 {[%emt 0:03:04] CPLX 2.0 1 (b2-b3) (=4)} Be7 {[%emt 0:05:51] CPLX 2.2 16 (Bf8-b4) (=2)} 12. Nce2 {[%emt 0:10:18] CPLX 2.3 26 (b2-b3) (=7)} O-O {[%emt 0:04:15] [#] CPLX 2.2 2 (Ne6-c7) (=2)} 13. c3 $146 {[%emt 0:01:07] BESTDEEP} ({Predecessor:} 13. Bb1 Nxf4 14. Bxf4 Nh5 15. c3 f5 16. Be5 g6 17. Nf4 Nxf4 18. Bxf4 g5 19. Be5 {1-0 (40) Farre I Benseny,M (1908)-Carbonell Sancho,M (2187) Salobrena 2020}) 13... Nxf4 {[%emt 0:02:06] CPLX 2.3 9 (Rf8-e8) (=3)} 14. Bxf4 {[%emt 0:01:06] RECAPT} Bf5 {[%emt 0:00:38] CPLX 2.0 24 (b7-b5) (=5)} 15. Ng3 {[%emt 0:01:43] CPLX 2.0 9 (Rf1-e1) (=6)} Bg6 {[%emt 0:05:38] CPLX 2.3 9 (Bf5-d3) (=5)} 16. Bb1 {[%emt 0:01:59] CPLX 2.1} Bd6 {[%emt 0:03:55] CPLX 2.3 5 (Qd8-d7) (=5)} 17. Be5 {[%emt 0:06:46] CPLX 2.6} Ne4 {[%emt 0:12:14] BESTDEEP} 18. Nxe4 {[%emt 0:21:15] MISS-Bb1xe4 4 (Bb1xe4) (=5)} Bxe5 {[%emt 0:02:20] CPLX 3.4 1 (d5xe4) (=5)} 19. dxe5 {[%emt 0:02:40] RECAPT} dxe4 {[%emt 0:02:21] CPLX 2.9} 20. Qe2 {[%emt 0:01:10][%csl LRc4,LRe4] CPLX 2.2} Qd5 {[%emt 0:02:08] CPLX 2.1 14 (Rf8-e8) (=5)} 21. f4 {[%emt 0:02:18] CPLX 2.1 42 (Rf1-e1) (=7)} exf3 {[%emt 0:04:41] CPLX 2.5} 22. Rxf3 {[%emt 0:00:17] RECAPT} Rae8 {[%emt 0:02:21] CPLX 3.0 1 (Bg6xb1) (=5)} 23. Re3 {[%emt 0:01:04] CPLX 3.1 25 (Bb1xg6) (=7)} Qc5 {[%emt 0:02:59] CPLX 2.6 13 (Bg6xb1) (=5)} 24. Kh1 $1 {[%emt 0:00:53] CPLX 2.7} f5 {[%emt 0:01:30] CPLX 2.6 47 (Re8-e6) (=7)} (24... Re6 $15) 25. e6 $11 {[%emt 0:05:08] BESTDEEP} Bh5 $36 {[%emt 0:14:30][%mdl 2048] Black is pushing. BESTDEEP} 26. Qe1 {[%emt 0:03:42] And now Re5 would win. BESTDEEP} (26. Qxh5 $2 Qxe3 27. Bxf5 g6 28. Bxg6 hxg6 29. Qxg6+ Kh8 30. Qh5+ Kg7 31. Qg4+ Kh7 32. Qh4+ Kg6 33. Qg4+ Kh7 34. Qh4+ Kg7 35. Qg4+ Kh7 $19) 26... Qb6 {[%emt 0:03:19] RELBLUND 70 (Rf8-f6) (=10)} (26... Rf6 $11) 27. Ba2 $2 {[%emt 0:03:43] MISSDEEP-Re3-e5 173 (Re3-e5) (=14)} ({Much weaker is} 27. e7 $6 Rf7 28. Ba2 f4 $15) (27. Re5 $1 $14 {keeps the upper hand.}) 27... Qc6 $2 {[%emt 0:02:54] Black is more active. RELBLUND 152 (f5-f4) (=16)} (27... f4 $17 28. e7 (28. Re5 f3 $17) 28... fxe3 29. exf8=B Rxf8 30. Bxc4+ Kh8) 28. Qf1 $1 $14 {[%emt 0:04:05] DEEPSTRONG=>BLUNDERREACT} b5 $1 {[%emt 0:01:49] DEEPSTRONG} 29. Rae1 $2 {[%emt 0:00:29][%mdl 8192] [#] RELBLUND 400 (a4xb5) (=29)} (29. axb5 $14 {stays ahead.} axb5 30. b3 (30. e7 Rf7 $11)) 29... f4 $1 $19 {[%emt 0:01:17] CPLX 3.1=>BLUNDERREACT} 30. Re5 {[%emt 0:00:11] [#] EASY} f3 $1 {[%emt 0:00:36] DEEPSTRONG} 31. gxf3 {[%emt 0:08:40] BESTDEEP} Bxf3+ {[%emt 0:05:33] RECAPT} 32. Kg1 {[%emt 0:00:02] EASY} Bg4 {[%emt 0:00:27] MISSDEEP-Rf8-f6 264 (Rf8-f6) (=22)} (32... Rf6 $142 33. Bb1 Bg4) 33. Qf7+ {[%emt 0:02:07] DEEPSTRONG=>BLUNDERREACT} Kh8 {[%emt 0:04:07] Chess con chili. CPLX 5.3 109 (Rf8xf7) (=25)} (33... Rxf7 $19 {is more deadly.} 34. exf7+ Kxf7 35. Rxe8 Qc5+ 36. Kg2 Bd7) 34. R1e3 $2 {[%emt 0:04:39][%mdl 8192] RELBLUND 400 (Qf7-d7) (=38)} (34. Qd7 $17 Qf3 35. Qd2) 34... Bh3 {[%emt 0:08:24][%csl Gh3][%cal Rc6g2] CPLX 5.4 134 (Qc6-a8) (=29)} ({Weaker is} 34... Rxf7 35. exf7 Rf8 36. Re8 $17) 35. R3e4 {[%emt 0:04:25] RELBLUND 400 (Re3xh3) (=50)} (35. Rxh3 $19 Rxf7 36. exf7 Qg6+ 37. Rg3 Qxf7 38. Rf3 Qg6+ 39. Kf1) 35... Rxf7 {[%emt 0:00:16] EASY} 36. exf7 {[%emt 0:00:10] RECAPT} Qg6+ {[%emt 0:02:27] Weighted Error Value: White=0.69/Black=0.37} 0-1

[Event "Chhattisgarh Masters GM 2022"]
[Site "Chhattisgarh"]
[Date "2022.09.19"]
[Round "1.8"]
[White "Garv Rai"]
[Black "Utsab Chatterjee"]
[Result "0-1"]
[ECO "D00"]
[WhiteElo "2051"]
[BlackElo "2332"]
[Annotator "TA"]
[PlyCount "146"]
[EventDate "2022.09.19"]
[EventCountry "IND"]
[SourceTitle "playchess.com"]
[Source "ChessBase"]
[SourceQuality "1"]
[TimeControl "5400+30"]

1. d4 d5 2. Bf4 c5 3. e3 Nc6 4. c3 Bf5 5. Nd2 e6 {[%emt 0:00:19] [#] CPLX 2.4 8 (Ng8-f6) (=8)} 6. Bb5 $146 {[%emt 0:05:52] CPLX 2.6 41 (Ng1-f3) (=41). D00: 1 d4 d5: Unusual lines.} ({Predecessor:} 6. Ngf3 Nf6 7. Nh4 Be4 8. Bb5 Qb6 9. a4 a6 10. Bxc6+ bxc6 11. O-O Bd3 12. Re1 cxd4 13. exd4 Be7 14. Nhf3 h6 {1-0 (48) Sjugirov,S (2662)-Robson,R (2670) chess24.com INT 2020}) 6... Qb6 {[%emt 0:04:06] BESTDEEP} 7. Qa4 {[%emt 0:00:51] CPLX 3.1} a6 {[%emt 0:09:53] CPLX 2.9 8 (c5xd4) (=5)} 8. Bxc6+ {[%emt 0:00:22] EASY. The position is equal.} Qxc6 {[%emt 0:00:33] RECAPT} 9. Qxc6+ {[%emt 0:00:40] RECAPT} bxc6 {[%emt 0:00:02] RECAPT} 10. Ngf3 {[%emt 0:00:14] CPLX 2.1 9 (Ng1-e2) (=10)} f6 {[%emt 0:00:15] BESTDEEP} 11. dxc5 {[%emt 0:18:31] RELBLUND 66 (h2-h4) (=19)} (11. h4 $11 {remains equal.}) 11... e5 $17 {[%emt 0:03:02] EASY} 12. Nxe5 {[%emt 0:07:11] CPLX 2.6 3 (Bf4-g3) (=17)} fxe5 {[%emt 0:00:10] RECAPT} 13. Bxe5 {[%emt 0:00:03] RECAPT} Kf7 {[%emt 0:09:59] MISS-Ng8-f6 13 (Ng8-f6) (=3)} (13... Bxc5 $2 14. Bxg7 Rb8 15. b4 $18) 14. b4 {[%emt 0:06:00] CPLX 2.4 7 (Be5-d4) (=14)} Be7 {[%emt 0:02:50] CPLX 2.5 7 (Ng8-f6) (=4)} 15. Nb3 {[%emt 0:00:43] CPLX 2.6 8 (a2-a4) (=13)} Bf6 {[%emt 0:02:17] CPLX 2.6 51 (Be7-d8) (=8)} ({Black should try} 15... Bd8 $17) 16. Bd4 {[%emt 0:01:02] [#] CPLX 2.9 68 (Be5xf6) (=18)} (16. Bxf6 $15 Nxf6 17. Nd4) 16... Ne7 {[%emt 0:05:32] MISSDEEP-Bf6-d8 59 (Bf6-d8) (=12)} (16... Bd8 $1 $17 17. O-O Nf6) 17. Kd2 {[%emt 0:01:28] CPLX 2.7 22 (Bd4xf6) (=19)} g5 {[%emt 0:04:20][%cal Bg7g5,Bg5g4][%mdl 32] CPLX 3.4 32 (Rh8-c8) (=14)} 18. Na5 {[%emt 0:02:25] CPLX 3.8 40 (f2-f3) (=20)} Rab8 {[%emt 0:02:42] CPLX 3.9 39 (g5-g4) (=16)} 19. a3 {[%emt 0:06:16] CPLX 4.0 36 (Rh1-f1) (=21)} g4 {[%emt 0:03:07] BESTDEEP} 20. Rae1 {[%emt 0:01:36] CPLX 3.9 6 (Bd4xf6) (=20)} Rhg8 {[%emt 0:04:31][%cal Bh8g8,Bg8g6,Bg6h6][%mdl 32] CPLX 3.9} 21. Rhg1 {[%emt 0:11:54] CPLX 3.9 23 (Bd4xf6) (=21)} Rg6 {[%emt 0:12:18] CPLX 3.9 6 (Bf6-h4) (=13)} 22. Ke2 {[%emt 0:17:26] CPLX 3.6 72 (Bd4xf6) (=24)} (22. Bxf6 $17 Rxf6 23. f3) 22... Rh6 {[%emt 0:08:59] CPLX 3.2 36 (Bf6xd4) (=14)} 23. Rh1 {[%emt 0:00:13] CPLX 3.3 29 (Bd4xf6) (=24)} Rg8 {[%emt 0:00:17] CPLX 3.3 27 (Bf6xd4) (=15)} 24. Reg1 {[%emt 0:04:44] CPLX 3.2 68 (Na5-b7) (=26)} (24. Nb7 $17) 24... Be4 {[%emt 0:04:04] CPLX 3.2 21 (Bf6xd4) (=15)} 25. Nb3 {[%emt 0:00:59] CPLX 3.3 0 (Bd4xf6) (=25)} Nf5 {[%emt 0:02:43] CPLX 3.3 35 (Bf6xd4) (=16)} 26. Bxf6 {[%emt 0:02:34] CPLX 3.9} Kxf6 {[%emt 0:04:38] RECAPT} 27. Nd2 {[%emt 0:00:18] DEEPSTRONG} Re8 {[%emt 0:07:18] Black has more active pieces. BESTDEEP} 28. Nxe4+ {[%emt 0:05:16] CPLX 2.9} Rxe4 {[%emt 0:00:02] RECAPT} 29. Kd3 {[%emt 0:00:36] CPLX 2.6 1 (Rg1-c1) (=21)} Kf7 {[%emt 0:03:04] CPLX 3.1 2 (Nf5-h4) (=14)} 30. Rc1 {[%emt 0:00:42] CPLX 3.0} Nh4 {[%emt 0:00:40] CPLX 3.0 9 (Rh6-e6) (=14)} 31. Rhg1 {[%emt 0:00:16] CPLX 2.8 90 (h2-h3) (=23)} (31. h3 $17) 31... Ng6 $19 {[%emt 0:00:09] CPLX 2.8} 32. Rh1 {[%emt 0:00:40] EASY} Ne5+ {[%emt 0:01:25] CPLX 2.8} 33. Ke2 {[%emt 0:00:38] CPLX 2.9} Nc4 {[%emt 0:01:03] CPLX 2.7 46 (a6-a5) (=14)} 34. Ra1 {[%emt 0:00:23] CPLX 2.7 0 (a3-a4) (=20)} Rhe6 {[%emt 0:00:42] CPLX 2.7 23 (Kf7-e6) (=14)} 35. Rhe1 {[%emt 0:00:40] CPLX 2.9 76 (a3-a4) (=22)} (35. a4 $17) 35... h5 {[%emt 0:00:33] CPLX 2.9} 36. g3 {[%emt 0:01:11] CPLX 2.9 27 (Ra1-d1) (=22)} Rf6 {[%emt 0:03:43] CPLX 3.1 5 (Nc4-e5) (=13)} 37. Rf1 {[%emt 0:00:27] CPLX 3.7 37 (Re1-d1) (=23)} Rf3 {[%emt 0:00:31] CPLX 3.5 30 (Re4-e5) (=14)} 38. a4 {[%emt 0:00:30] CPLX 3.4} Ke7 {[%emt 0:00:16] CPLX 3.4 37 (Nc4-e5) (=15)} 39. Rad1 {[%emt 0:00:34] CPLX 3.5 52 (b4-b5) (=23)} (39. b5 {might work better.}) 39... Nb2 $2 {[%emt 0:00:57] RELBLUND 204 (Nc4-e5) (=20)} (39... Ne5 $19 {...Rf8 is the strong threat.} 40. Rd4 Rxd4 41. cxd4 Nd7) 40. Ra1 {[%emt 0:00:30] RELBLUND 142 (Rd1-d2) (=26)} (40. Rd2 $1 $11 Nc4 41. Rd4) 40... Nc4 {[%emt 0:00:06] CPLX 3.5 159 (Re4-e5) (=24)} (40... Re5 $17 41. Ra2 Nc4) 41. Rad1 $1 {[%emt 0:00:10] RELBLUND=>BLUNDERREACT} Rf8 {[%emt 0:00:00] CPLX 3.3 0 (Nc4-e5) (=23)} 42. h3 {[%emt 0:00:00] CPLX 3.4 104 (a4-a5) (=28)} (42. a5 {was necessary.}) 42... h4 {[%emt 0:00:00][%cal Bh5h4,Bh4g3][%mdl 32] And now ...hxg3 would win. BESTDEEP} (42... gxh3 $2 43. Rh1 $19) 43. hxg4 {[%emt 0:00:00] CPLX 3.7 86 (Rd1-d4) (=29)} hxg3 {[%emt 0:00:00] EASY} 44. Rd4 {[%emt 0:00:00] CPLX 3.6 325 (g4-g5) (=37)} (44. g5 $142) 44... Rxf2+ {[%emt 0:00:00] CPLX 3.9=>BLUNDERREACT} 45. Rxf2 {[%emt 0:00:00] RECAPT} Rxe3+ {[%emt 0:00:00] EASY} ({Not} 45... gxf2 $2 46. Kxf2 (46. Rxe4+ $2 dxe4 47. Kxf2 Nb2 $19) 46... Re5 47. Rd3 $19) 46. Kf1 {[%emt 0:00:00] Black must now prevent Re2. EASY} gxf2 {[%emt 0:00:00] EASY} 47. Kxf2 {[%emt 0:00:00][%cal Od4c4] Strongly threatening Rxc4! RECAPT} Rxc3 {[%emt 0:00:00][%mdl 4096] Endgame KRN-KR. CPLX 2.6} 48. b5 {[%emt 0:00:00] CPLX 2.3 400 (g4-g5) (=43)} axb5 {[%emt 0:00:00] CPLX 2.7=>BLUNDERREACT} 49. axb5 {[%emt 0:00:00] RECAPT} cxb5 {[%emt 0:00:00] Hoping for ...b4. RECAPT} 50. Rxd5 {[%emt 0:00:00] CPLX 2.5 400 (g4-g5) (=50)} Ke6 {[%emt 0:00:00] CPLX 2.2 400 (b5-b4) (=27)} 51. Rd8 {[%emt 0:00:00] CPLX 2.5} Ne5 {[%emt 0:00:00] CPLX 2.3 48 (b5-b4) (=28)} 52. Rd6+ {[%emt 0:02:33] CPLX 2.3} Kf7 {[%emt 0:00:00] CPLX 2.3} 53. g5 {[%emt 0:01:45] CPLX 2.3} Rxc5 {[%emt 0:00:00] CPLX 2.4} 54. Rb6 {[%emt 0:00:05] RELBLUND 400 (Kf2-g3) (=54)} Nc4 {[%emt 0:00:00][%csl LRb6,LRg5] CPLX 2.0=>BLUNDERREACT. Black mates.} 55. Rb8 {[%emt 0:00:14] RELBLUND 6 (Rb6-f6) (=53)} Rxg5 {[%emt 0:00:00] CPLX 2.0} 56. Ke2 {[%emt 0:00:10] RELBLUND 1 (Kf2-f3) (=52)} Rd5 57. Kf3 Nd6 58. Ke3 Ke7 59. Rh8 Kd7 60. Rh1 Kc6 61. Rc1+ Kb6 62. Rb1 Kc5 63. Ke2 b4 64. Rc1+ Kb5 65. Rb1 Ka4 66. Ra1+ {[%emt 0:00:15] [#]} Kb3 $1 67. Rb1+ Kc3 68. Rc1+ Kb2 69. Rc6 b3 70. Ke3 Kb1 71. Ke2 b2 72. Rb6 Kc2 73. Rc6+ Kb3 {[%emt 0:00:00] Weighted Error Value: White=0.59/Black=0.30} 0-1

[Event "Chhattisgarh Masters GM 2022"]
[Site "Chhattisgarh"]
[Date "2022.09.19"]
[Round "1.9"]
[White "Batchuluun, Tsegmed"]
[Black "Arhan Chethan Anand"]
[Result "1-0"]
[ECO "E04"]
[WhiteElo "2478"]
[BlackElo "2155"]
[Annotator "TA"]
[PlyCount "89"]
[EventDate "2022.09.19"]
[EventCountry "IND"]
[SourceTitle "playchess.com"]
[Source "ChessBase"]
[SourceQuality "1"]
[TimeControl "5400+30"]

1. d4 d5 2. c4 e6 3. Nf3 Nf6 4. g3 dxc4 5. Bg2 Bb4+ 6. Bd2 {[%emt 0:00:03] BESTDEEP} c5 {[%emt 0:00:07] CPLX 2.9 18 (Bb4-e7) (=18). E04: Open Catalan: 5 Nf3.} 7. O-O {[%emt 0:00:51] BESTDEEP} O-O {[%emt 0:00:20] CPLX 2.8 0 (Nb8-c6) (=9)} 8. Qc1 {[%emt 0:00:29] MISS-a2-a3 4 (a2-a3) (=1)} b5 {[%emt 0:05:41] CPLX 2.6 8 (a7-a5) (=9). The position is equal.} (8... a5 $5 ) 9. dxc5 {[%emt 0:00:07] CPLX 2.7 15 (Nf3-e5) (=5)} Bxc5 {[%emt 0:00:13] RECAPT} 10. Ng5 {[%emt 0:00:07] BESTDEEP} Nd5 $1 {[%emt 0:02:00] CPLX 3.3} 11. Qc2 {[%emt 0:00:04][%csl Gg5][%cal Rc2h7] BESTDEEP} g6 $1 {[%emt 0:06:42] DEEPSTRONG} 12. Ne4 {[%emt 0:00:05] BESTDEEP} Be7 {[%emt 0:04:19] BESTDEEP} 13. Bh6 {[%emt 0:00:08] CPLX 2.3 0 (Rf1-d1) (=2)} Re8 {[%emt 0:08:48] BESTDEEP} 14. a4 {[%emt 0:00:05][%mdl 64] [#] Deflection. BESTDEEP} b4 $146 {[%emt 0:15:30] White should prevent ...Ba6. BESTDEEP} ({Predecessor:} 14... Bb7 15. axb5 a6 16. Na3 axb5 17. Nxb5 f5 18. Nd2 Rxa1 19. Rxa1 Ba6 20. Bxd5 exd5 {1-0 (35) Predke,A (2692)-Laddha,S (2262) Dubai 2022}) 15. Qxc4 {[%emt 0:00:07] EASY} Ba6 {[%emt 0:04:29] RELBLUND 55 (a7-a5) (=8)} (15... a5 $11) 16. Qd4 $14 {[%emt 0:00:31][%csl Gh6][%cal Rd4g7] EASY} f6 {[%emt 0:05:38] Hoping for ...Nc6. CPLX 3.8 27 (Be7-f8) (=10)} 17. Ng5 $1 {[%emt 0:24:24] DEEPSTRONG} Bc8 {[%emt 0:09:17] CPLX 4.2 67 (Nd5-c7) (=15)} (17... Nc7 $142 18. Qxd8 Rxd8 19. Bxa8 fxg5) 18. Rc1 $40 {[%emt 0:19:00][%cal Oc1c8][%mdl 128] Threatens to win with Rxc8! White is out for blood. White is much more active. CPLX 4.1} Qb6 $2 {[#] RELBLUND 400 (Be7-f8) (=44)} (18... Bf8 $16) 19. Qxd5 $3 $18 {[%emt 0:23:57][%mdl 512] DEEPSTRONG=>BLUNDERREACT} exd5 {[%emt 0:09:05] RECAPT} 20. Bxd5+ {[%emt 0:00:58] RECAPT} Kh8 {[%emt 0:00:37][%cal Of6g5] CPLX 5.1 0 (Bc8-e6) (=38)} 21. Nf7+ {[%emt 0:00:09] EASY} Kg8 {[%emt 0:00:03] LEGAL} 22. Ng5+ {[%emt 0:00:48] CPLX 5.4 400 (Nf7-d6) (=25)} Kh8 {[%emt 0:00:04][%cal Of6g5] EASY} 23. Nf7+ {[%emt 0:00:03] EASY} Kg8 {[%emt 0:00:02][%cal Oc8e6] [#] Black is now going downhill. LEGAL} 24. Nd6+ $1 {[%emt 0:00:07][%mdl 64] Discovered Attack. CPLX 5.4} Kh8 {[%emt 0:00:33] EVAL 305 (Bc8-e6) (=46)} 25. Nxe8 {[%emt 0:03:19][%csl Ge8][%cal Rh6g7] EVAL} Be6 {[%emt 0:02:30] EVAL} 26. a5 {[%emt 0:07:01] EVAL} Qa6 {[%emt 0:02:16] EVAL} 27. Bxe6 {[%emt 0:06:04] CPLX 4.1 205 (Bd5xa8) (=28)} Qxe6 {[%emt 0:00:30] RECAPT} 28. Nc7 {[%emt 0:00:03][%csl LRa8,LRe6] CPLX 3.4} Qd7 {[%emt 0:18:25] CPLX 3.7 105 (Qe6-f5) (=43)} (28... Qh3 $2 29. Be3 (29. Nxa8 Qxh6 30. e3 Qh3 $16)) 29. Nxa8 {[%emt 0:00:06] CPLX 3.7} g5 {[%emt 0:03:11] [#] EVAL 135 (Nb8-c6) (=47)} 30. Nd2 $1 {[%emt 0:04:10] CPLX 3.5 149 (Na8-b6) (=31)} Nc6 {[%emt 0:00:59] CPLX 3.7 0 (Nb8-a6) (=45)} (30... Na6 31. Nb6) 31. Nb3 {[%emt 0:03:36] CPLX 3.7 154 (Nd2-f3) (=36)} Kg8 {[%emt 0:00:47] DEEPSTRONG} 32. Rc2 {[%emt 0:01:52] Black must now prevent Rac1. CPLX 3.5} Kf7 {[%emt 0:01:50] CPLX 3.5 60 (Qd7-d5) (=44)} 33. Rac1 {[%emt 0:01:33] CPLX 3.9} Ne5 {[%emt 0:00:05] BESTDEEP} 34. Rc7 {[%emt 0:00:55] CPLX 3.9} Qd5 {[%emt 0:00:27] [#] CPLX 4.5} 35. Nb6 $1 {[%emt 0:01:35][%cal Ba8b6,Bb6c8,Bc8e7,Be7f5][%mdl 32] BESTDEEP} Qxb3 {[%emt 0:01:46] BESTDEEP} 36. Nc8 {[%emt 0:00:08] CPLX 4.5} ({Not} 36. Rxa7 Qxb2 37. Rac7 Kg6 38. Bxg5 fxg5 $11) 36... Kg6 $2 {[%emt 0:00:13] MISSDEEP-Ne5-g6 275 (Ne5-g6) (=47)} (36... Ng6 37. Nd6+ (37. Rxa7 Qxb2 38. Rf1 Qxe2 $11) 37... Ke6) 37. Nxe7+ {[%emt 0:01:02] CPLX 5.2=>BLUNDERREACT} Kxh6 {[%emt 0:00:04] EASY} 38. Nf5+ {[%emt 0:01:56] CPLX 3.3} Kg6 {[%emt 0:00:03] [#] EASY} 39. e4 {[%emt 0:00:16] Rg7+ is the strong threat.} Nf3+ 40. Kg2 {[%emt 0:00:35] Rg7+ would kill now.} Nd2 41. Rg7+ {[%emt 0:01:05] White mates.} Kh5 42. Rxh7+ Kg6 43. Rh6+ Kf7 44. Rc7+ Kf8 45. Rh8+ {[%emt 0:00:00] Weighted Error Value: White=0.40/Black=0.46} (45. Rxf6+ $142 Kg8 46. Rg7+ Kh8 47. Rh6#) 1-0

[Event "Chhattisgarh Masters GM 2022"]
[Site "Chhattisgarh"]
[Date "2022.09.19"]
[Round "1.9"]
[White "Ajay Karthikeyan"]
[Black "Kishan, Gangolli"]
[Result "1-0"]
[ECO "C15"]
[WhiteElo "2422"]
[BlackElo "2109"]
[Annotator "TA"]
[PlyCount "83"]
[EventDate "2022.09.19"]
[EventCountry "IND"]
[SourceTitle "playchess.com"]
[Source "ChessBase"]
[SourceQuality "1"]
[TimeControl "5400+30"]

1. e4 e6 2. d4 d5 3. Nc3 Bb4 4. Nge2 dxe4 5. a3 Bxc3+ 6. Nxc3 Nc6 7. d5 exd5 8. Qxd5 {[%emt 0:00:08] RECAPT} Nf6 {[%emt 0:17:05] CPLX 3.5 41 (Bc8-e6) (=41). C15: French: 3 Nc3 Bb4: Unusual White 4th moves.} (8... Be6 $5 9. Qxe4 Nf6 $11) 9. Qxd8+ {[%emt 0:00:21] CPLX 3.3} Nxd8 {[%emt 0:00:19] RECAPT} 10. Bg5 {[%emt 0:00:26] CPLX 2.0} O-O {[%emt 0:15:54] CPLX 2.0 33 (Nf6-g4) (=25). White is slightly better.} 11. Bxf6 {[%emt 0:09:37] CPLX 2.0 11 (0-0-0) (=3)} gxf6 {[%emt 0:00:06] RECAPT} 12. Nd5 {[%emt 0:16:34] [#] CPLX 2.0} f5 $146 {[%emt 0:09:37] CPLX 2.0 17 (Nd8-c6) (=18)} ({Predecessor:} 12... Kg7 13. Nxc7 Rb8 14. O-O-O Bg4 15. Rd4 f5 16. h3 Bh5 17. Rd7 Kg8 18. Nd5 Bg6 {1-0 (41) Halak,M (2191)-Bosak,J (2121) Banska Stiavnica 2015}) 13. Nxc7 {[%emt 0:01:35] White is more active. CPLX 2.0} Rb8 {[%emt 0:00:07] EASY} 14. Be2 {[%emt 0:07:21] CPLX 2.0 15 (0-0-0) (=4)} Nc6 {[%emt 0:13:22] [#] CPLX 2.0 36 (Nd8-e6) (=18)} 15. O-O-O $1 {[%emt 0:00:51] CPLX 2.0} Be6 {[%emt 0:00:59] CPLX 2.0 18 (Nc6-e5) (=18)} 16. f3 {[%emt 0:06:39] BESTDEEP} exf3 {[%emt 0:11:09] BESTDEEP} 17. Bxf3 {[%emt 0:02:43] RECAPT} ({Much weaker is} 17. gxf3 Rfd8 $11) 17... Rfd8 {[%emt 0:01:23] CPLX 2.1} 18. Bxc6 {[%emt 0:12:11] BESTDEEP} bxc6 {[%emt 0:00:26] RECAPT} 19. Na6 {[%emt 0:09:29] CPLX 2.4} Rbc8 {[%emt 0:00:45] CPLX 2.4} 20. Nc5 {[%emt 0:01:03] CPLX 2.2 46 (Rd1xd8) (=6)} ({White should play} 20. Rxd8+ $16 Rxd8 21. Nb4) 20... Kg7 $14 {[%emt 0:02:59] CPLX 2.3} 21. g3 {[%emt 0:08:01] CPLX 2.3 5 (Rd1-e1) (=6)} Rd5 {[%emt 0:01:32] White stays focused until the end. CPLX 2.3 31 (Kg7-f6) (=13)} 22. Nd3 {[%emt 0:05:45] CPLX 2.5 0 (Rd1xd5) (=5)} Rcd8 {[%emt 0:04:56] CPLX 2.0 36 (Kg7-f6) (=14)} 23. Nb4 {[%emt 0:09:00] BESTDEEP} Rxd1+ {[%emt 0:01:14] CPLX 2.5} 24. Rxd1 {[%emt 0:00:06] LEGAL} Rxd1+ {[%emt 0:00:06] CPLX 2.3 51 (Rd8-c8) (=15)} (24... Rc8 $16 {was called for.} 25. Rd6 c5) 25. Kxd1 $16 {[%emt 0:00:04][%mdl 4096] Endgame KB-KN. LEGAL} Bd7 {[%emt 0:00:09] CPLX 2.0} 26. Kd2 {[%emt 0:01:15] MISS-Nb4-d3 5 (Nb4-d3) (=4)} Kf6 {[%emt 0:00:11] CPLX 2.0} 27. Ke3 {[%emt 0:02:33] MISS-Nb4-d3 10 (Nb4-d3) (=5)} Kg5 {[%emt 0:02:25] CPLX 2.0 42 (c6-c5) (=15)} 28. Nd3 {[%emt 0:01:12] Against f4+. CPLX 2.0} Be6 {[%emt 0:00:36] CPLX 2.0 73 (Bd7-e8) (=18)} (28... Be8 $142 29. Kf3 f6) 29. b4 $18 {[%emt 0:00:34] BESTDEEP} Bd5 {[%emt 0:01:40] CPLX 2.0 68 (f7-f6) (=20)} 30. a4 {[%emt 0:03:55] CPLX 2.0} Be4 {[%emt 0:02:44] CPLX 2.0 48 (Kg5-f6) (=21)} 31. c4 {[%emt 0:01:22][%cal Bc2c4,Bc4b5][%mdl 32] CPLX 2.0} Bxd3 $2 {[%emt 0:02:55] BEVAL 400 (Kg5-f6) (=37)} (31... Kf6 32. b5 Ke7) 32. Kxd3 {[%emt 0:00:02] [#] Threatens to win with b5. KP-KP. BEVAL} f4 {[%emt 0:00:06] BEVAL 400 (Kg5-f6) (=52)} 33. b5 {[%emt 0:01:58] BEVAL} cxb5 {[%emt 0:01:01] BEVAL 2 (Kg5-f6) (=50)} 34. cxb5 {[%emt 0:00:25] BEVAL} fxg3 {[%emt 0:00:56] BEVAL 4 (Kg5-f6) (=48)} 35. hxg3 {[%emt 0:00:06] K3P-K3P. BEVAL} Kg4 {[%emt 0:00:51] BEVAL 0 (Kg5-g6) (=46)} 36. a5 {[%emt 0:00:06] BEVAL} Kxg3 {[%emt 0:00:11] BEVAL 4 (h7-h6) (=45)} 37. b6 {[%emt 0:00:07] White threatens b7 and mate. BEVAL} axb6 {[%emt 0:00:05] CPLX 2.0 400 (a7-a6) (=57)} 38. axb6 {[%emt 0:00:06] RECAPT. White mates.} h5 {[%emt 0:00:44] CPLX 2.0 0 (Kg3-f4) (=55)} 39. b7 {[%emt 0:00:05] EASY} h4 {[%emt 0:00:17] CPLX 2.8 0 (f7-f5) (=53)} 40. b8=Q+ {[%emt 0:00:05] CPLX 2.9} Kg2 {[%emt 0:00:05] CPLX 2.0 1 (Kg3-f3) (=52)} 41. Ke2 {[%emt 0:00:05] CPLX 2.0 1 (Qb8-g8) (=3)} h3 {[%emt 0:00:18] CPLX 2.1} 42. Qg8+ {[%emt 0:00:04] Weighted Error Value: White=0.04 (flawless) /Black=0.35} 1-0